 Dungeon Crawl Stone Soup version 0.19-a0-1803-g97ff39f (webtiles) character file.

235 Proteus the Covert (level 5, -4/25 HPs)
             Began as a Spriggan Assassin on Oct 5, 2016.
             Slain by a phantom (8 damage)
             ... on level 4 of the Dungeon.
             The game lasted 00:05:48 (3589 turns).

Proteus the Covert (Spriggan Assassin)              Turns: 3589, Time: 00:05:48

Health: -4/25      AC:  3    Str:  7    XL:     5   Next: 76%
Magic:  6/6        EV: 17    Int: 14    God:
Gold:   128        SH:  0    Dex: 19    Spells: 0 memorised, 4 levels left

rFire  . . .     SeeInvis +     a - +2 dagger
rCold  . . .     Gourm    .     c - +0 robe
rNeg   . . .     Faith    .     (shield restricted)
rPois  .         Spirit   .     (helmet restricted)
rElec  .         Dismiss  .     d - +0 cloak
rCorr  .         Reflect  .     (gloves unavailable)
MR     .....     Harm     .     (boots unavailable)
Stlth  ++........               (no amulet)
                                (no ring)
                                i - +2 ring of intelligence

@: confused, very quick
A: unfitting armour, see invisible, herbivore 3, speed 3, slow metabolism 2
a: no special abilities


You were on level 4 of the Dungeon.
You were not hungry.

You visited 1 branch of the dungeon, and saw 4 of its levels.

You collected 128 gold pieces.

Inventory:

Hand Weapons
 a - a +2 dagger (weapon)
 b - a +1 blowgun
Missiles
 e - 8 poisoned needles
 f - 2 curare-tipped needles
Armour
 c - a +0 robe (worn)
 d - a +0 cloak (worn)
Jewellery
 i - a +2 ring of intelligence (left hand)
Scrolls
 h - 2 scrolls of teleportation
 k - 2 scrolls of identify
Potions
 j - a potion of curing
 o - a potion of brilliance
 p - a potion of cure mutation
 q - 2 potions of haste {unknown}
Comestibles
 g - 4 bread rations
 l - a fruit


   Skills:
 - Level 1.5 Fighting
 - Level 2.1 Short Blades
 - Level 2.0 Throwing
 - Level 1.5 Dodging
 + Level 10.7 Stealth


You had 4 spell levels left.
You didn't know any spells.

Dungeon Overview and Level Annotations

Branches:
Dungeon (4/15)
 Temple: D:4-7

Altars:
Gozag


Innate Abilities, Weirdness & Mutations

You are very small and have problems with some larger weapons.
You are too small for most types of armour.
You have supernaturally acute eyesight. (SInv)
You are a herbivore.
You cover ground extremely quickly.
You need consume almost no food.


Message History

The centaur skeleton hits you but does no damage.
The centaur skeleton misses you.
You hit the centaur skeleton.
You destroy the centaur skeleton!
You barely miss the phantom.
The phantom hits you but does no damage.
You hit the phantom.
The phantom is lightly damaged.
The phantom hits you but does no damage.
You barely miss the phantom.
The phantom is lightly damaged.
The phantom hits you!
* * * LOW HITPOINT WARNING * * *
You are too injured to fight recklessly!
You are too injured to fight recklessly!
You are too injured to fight recklessly!
You are too injured to fight recklessly!
You are confused.
You feel invigorated. The phantom hits you!
You die...

#..###...#..#.#.##.
#..# #............
#..# ##..#..#.#.##.
#..# #..........#
#.##.#..%#!.### #
#.##.#........#
#.....$......
#.#......#.##.#
#......@.......
.......W......#
.......#.#.##..
....... ......#
##.#.#. .#.##.#
#..... .#.# #
...... .. . ####..
.# ##


You could see a phantom.

Vanquished Creatures
  An ice beast (D:3)
  2 centaur skeletons (D:4)
  A worker ant (D:4)
  2 adders (D:3)
  An ooze (D:2)
  A dart slug (D:2)
  A leopard gecko (D:3)
  2 ball pythons
  A giant cockroach (D:2)
  9 goblins
  5 hobgoblins
  7 bats
  4 frilled lizards
  5 kobolds
  8 rats
50 creatures vanquished.

Notes
Turn   | Place    | Note
-------+----------+-------------------------------------------
     0 | D:1      | Proteus the Spriggan Assassin began the quest for the Orb.
     0 | D:1      | Reached XP level 1. HP: 10/10 MP: 2/2
    48 | D:1      | Reached skill level 6 in Stealth
   470 | D:1      | Reached XP level 2. HP: 12/14 MP: 3/3
   750 | D:2      | Reached skill level 7 in Stealth
  1364 | D:2      | Reached XP level 3. HP: 18/18 MP: 4/4
  2148 | D:3      | Found an opulent altar of Gozag.
  2161 | D:3      | Reached skill level 8 in Stealth
  2397 | D:3      | Noticed an ice beast
  2400 | D:3      | Killed an ice beast
  2400 | D:3      | Reached skill level 9 in Stealth
  2400 | D:3      | Reached XP level 4. HP: 22/22 MP: 5/5
  2400 | D:3      | Reached XP level 5. HP: 25/25 MP: 6/6
  2795 | D:4      | Reached skill level 10 in Stealth
  3570 | D:4      | Noticed a phantom
  3588 | D:4      | HP: 1/25 [phantom (8)]
  3589 | D:4      | Slain by a phantom

Vault maps used:
D:1:      matt_arrival_grand_opening, st_stairs_13
D:2:      first_bread, serial_bayou_lagoon_a
D:3:      minmay_crystal_water, grunt_gozag_statues
D:4:      grunt_ministairs_12

Skill      XL: |  1  2  3  4  5 |
---------------+----------------+-----
Stealth        | 6 7 9 10 | 10.7
Fighting       | |  1.5
Short Blades   | |  2.1
Throwing       | |  2.0
Dodging        | |  1.5

Action                   |  1- 3 |  4- 6 || total
-------------------------+-------+-------++-------
Melee: Dagger            |   118 |    68 ||   186
 Fire: Blowgun           |       |     3 ||     3
  Use: Scroll            |     8 |     3 ||    11
       Potion            |       |     3 ||     3
 Stab: Sleeping          |    13 |     3 ||    16
Armor: Robe              |    22 |    11 ||    33
Dodge: Dodged            |    97 |    48 ||   145
